 Dungeon Crawl Stone Soup version 0.31-a0-232-gb1c03b2570 (webtiles) character file.

Game seed: 5992174224457115842

238 qw the Shooter (level 5, 0/45 HPs)
             Began as a Minotaur Hexslinger on July 7, 2023.
             Succumbed to an adder's poison
             ... on level 4 of the Dungeon.
             The game lasted 00:00:54 (2467 turns).

qw the Shooter (Minotaur Hexslinger)                Turns: 2467, Time: 00:00:54

Health: 0/45       AC:  5    Str: 13    XL:     5   Next: 78%
Magic:  5/5        EV: 16    Int: 10    God:
Gold:   97         SH:  0    Dex: 14    Spells: 5/6 levels left

rFire   . . .        j - +0 longbow
rCold   . . .        (shield currently unavailable)
rNeg    . . .        d - +0 ring mail
rPois   .            (helmet restricted)
rElec   .            (no cloak)
rCorr   .            (no gloves)
SInv    .            (no boots)
Will    +....        (no amulet)
Stlth   +            i - ring of willpower
HPRegen 0.27/turn    a - +5 ring of evasion
MPRegen 0.09/turn

%: no passive effects
@: lethally poisoned (0 -> -9)
A: horns 2, retaliatory headbutt
a: no special abilities


You were on level 4 of the Dungeon.
You visited 1 branch of the dungeon, and saw 4 of its levels.

You collected 97 gold pieces.


Innate Abilities, Weirdness & Mutations

You have a pair of horns on your head.
You reflexively headbutt those who attack you in melee.


   Skills:
 + Level 3.1 Fighting
 - Level 6.0 Ranged Weapons
 - Level 1.2 Armour
 - Level 2.1 Dodging
 - Level 1.0 Spellcasting
 - Level 2.0 Hexes


You had 5 spell levels left.
You knew the following spells:

 Your Spells              Type           Power      Damage    Failure   Level
a - Slow                  Hex            16%        N/A       32%         1

Your spell library contained the following spells:

 Spells                   Type           Power      Damage    Failure   Level
 Inner Flame              Hex/Fire       2%         N/A       82%         3
 Portal Projectile        Hex/Tloc       4%         N/A       82%         3
 Cause Fear               Hex            2%         N/A       97%         4

Inventory:

Hand Weapons
 j - a +0 longbow (weapon)
Armour
 d - a +0 ring mail (worn)
Jewellery
 a - a +5 ring of evasion (right hand)
 i - a ring of willpower (left hand)
Scrolls
 c - 2 scrolls of identify
Potions
 b - a potion of degeneration {unknown}
 e - a potion of heal wounds {unknown}
 f - a potion of invisibility {unknown}
 g - a potion of might
 h - a potion of curing {unknown}
 k - a potion of cancellation {unknown}

Dungeon Overview and Level Annotations

Branches:
Dungeon (4/15)
 Temple: D:4-7

Altars:
Cheibriados
Gozag
Ru
Sif Muna

Annotations:
D:3 3 runed translucent doors, qw's ghost, amateur MiHs
D:4 Edmund


Message History

An adder comes into view.
Edmund hits you with a +3 flail of protection!
You shoot an arrow. The adder hisses angrily.
The arrow hits Edmund but does no damage.
Edmund is heavily wounded.
Edmund barely misses you. The dart slug closely misses you.
You furiously retaliate!
You headbutt the dart slug. You shoot an arrow. The arrow barely misses Edmund.
Edmund hits you with a +3 flail of protection!
The dart slug completely misses you.
Edmund hits you with a +3 flail of protection.
You shoot an arrow. The arrow barely misses Edmund.
Edmund closely misses you. The dart slug closely misses you.
You furiously retaliate!
You headbutt the dart slug. You shoot an arrow. The arrow hits the dart slug.
You kill the dart slug!
The adder bites you but does no damage.
Edmund hits you with a +3 flail of protection.
The adder bites you.
You are poisoned.
The adder poisons you!
Edmund hits you with a +3 flail of protection.
You shoot an arrow. The arrow hits Edmund!
Edmund is severely wounded.
You feel very sick. The adder bites you but does no damage.
The adder completely misses you. You furiously retaliate!
You headbutt the adder. Edmund closely misses you. You furiously retaliate!
You headbutt Edmund. You shoot an arrow.
The arrow hits Edmund but does no damage.
Edmund is severely wounded.
You feel sick. The adder barely misses you. Edmund hits you but does no damage.
The adder bites you but does no damage. Edmund barely misses you.
You furiously retaliate!
You headbutt Edmund. The adder bites you.
You are lethally poisoned!
The adder poisons you!
You shoot an arrow. The arrow hits Edmund.
Edmund is almost dead.
You die...

_'..#.......+ ####'#### ..
##..#.......#... #.......# ..
######......# .. #.......##. #
##.'......# .. .........'
###..##...#####. .........##
......#.#'#...#'# .......%%.#
###...###.......#####.......### #
#.###)....[..S..#.#'#...#'#.### #
#.####.......@@##.# #####...... #
#.#..'.........'..# #......###
###.#.###.......##..####.#...####
........#.......###.)...%........
........####+####...#############
###.#####.##.######.# #.#
#...........# #.#####.###########
#.....%.#


You could see Edmund and an adder.

Vanquished Creatures
  A scorpion (D:4)
  A jelly (D:4)
  An orc wizard (D:4)
  3 gnolls (D:2)
  3 adders
  4 dart slugs
  A worm (D:4)
  4 orcs (D:4)
  4 ball pythons
  6 endoplasms
  A giant cockroach (D:3)
  4 goblins
  4 hobgoblins
  3 kobolds
  A quokka (D:4)
  6 bats
  A frilled lizard (D:3)
  5 rats
53 creatures vanquished.

Notes
Turn   | Place    | Note
-------+----------+-------------------------------------------
     0 | D:1      | qw the Minotaur Hexslinger began the quest for the Orb.
     0 | D:1      | Reached XP level 1. HP: 16/16 MP: 1/1
     0 | D:1      | 0 ||| qw: Version: 0.3-a-46-gb1f654a
     0 | D:1      | 0 ||| qw: Game counter: 2609
     0 | D:1      | 0 ||| qw: Melee chars always use a shield: true
     0 | D:1      | 0 ||| qw: God list: Okawaru
     0 | D:1      | 0 ||| qw: Allow faded altars: false
     0 | D:1      | 0 ||| qw: Do Orc after clearing Dungeon:15 true
     0 | D:1      | 0 ||| qw: Do second Lair branch before Depths: true
     0 | D:1      | 0 ||| qw: Lair rune preference: random
     0 | D:1      | 0 ||| qw: Goals: Normal
     0 | D:1      | 0 ||| PLANNING D:1-11
    70 | D:1      | Reached skill level 3 in Ranged Weapons
    81 | D:1      | Found a faded altar of an unknown god.
   113 | D:1      | Reached XP level 2. HP: 23/23 MP: 2/2
   376 | D:1      | 376 ||| UPGRADING to +0 ring mail.
   386 | D:1      | 386 ||| DROPPING +0 robe.
   387 | D:1      | 387 ||| READING 2 scrolls labelled JUBAGHY RO UTY.
   388 | D:1      | 388 ||| READING scroll labelled KYAZXO ESEBB.
   389 | D:1      | 389 ||| DROPPING scroll of fog.
   390 | D:1      | 390 ||| DROPPING scroll of poison.
   503 | D:2      | Reached XP level 3. HP: 29/29 MP: 3/3
   528 | D:2      | Found an opulent altar of Gozag.
   641 | D:2      | 641 ||| SWAPPING to +1 sling of electrocution.
   642 | D:2      | 642 ||| DROPPING +1 sling.
   676 | D:2      | Reached skill level 4 in Ranged Weapons
   873 | D:2      | Reached skill level 1 in Armour
   878 | D:2      | HP: 7/29 [gnoll/+0 flail (8)]
  1024 | D:2      | Reached XP level 4. HP: 36/36 MP: 4/4
  1140 | D:2      | 1140 ||| DROPPING +6 ring of intelligence.
  1141 | D:2      | 1141 ||| UPGRADING to ring of willpower.
  1142 | D:2      | 1142 ||| READING scroll labelled CUFFOUFEOJ.
  1143 | D:2      | 1143 ||| DRINKING 2 emerald potions.
  1150 | D:2      | 1150 ||| DROPPING potion of ambrosia.
  1572 | D:3      | Found a sacrificial altar of Ru.
  1685 | D:3      | Found a snail-covered altar of Cheibriados.
  1705 | D:3      | Found a runed translucent gate.
  1705 | D:3      | Found a runed translucent gate.
  1705 | D:3      | Noticed qw's ghost (amateur MiHs)
  1705 | D:3      | Noticed a kobold brigand
  1708 | D:3      | Found a runed translucent gate.
  2054 | D:3      | 2054 ||| UPGRADING to +5 ring of evasion.
  2055 | D:3      | 2055 ||| READING 2 scrolls labelled WOARRU GEBBI.
  2056 | D:3      | 2056 ||| READING scroll labelled MUOCEPSAOVA.
  2057 | D:3      | 2057 ||| DRINKING 2 yellow potions.
  2147 | D:4      | Reached skill level 5 in Ranged Weapons
  2156 | D:4      | 2156 ||| Stepping ~*~*~tactically~*~*~ (outnumbered).
  2157 | D:4      | 2157 ||| SWAPPING to +0 longbow.
  2177 | D:4      | Reached XP level 5. HP: 27/44 MP: 5/5
  2178 | D:4      | Reached skill level 3 in Fighting
  2239 | D:4      | 2239 ||| DROPPING +1 sling of freezing.
  2248 | D:4      | Found a shimmering blue altar of Sif Muna.
  2421 | D:4      | Reached skill level 6 in Ranged Weapons
  2421 | D:4      | 2421 ||| FLEEEEING.
  2422 | D:4      | 2422 ||| FLEEEEING.
  2423 | D:4      | 2423 ||| FLEEEEING.
  2424 | D:4      | 2424 ||| FLEEEEING.
  2425 | D:4      | 2425 ||| FLEEEEING.
  2426 | D:4      | 2426 ||| FLEEEEING.
  2427 | D:4      | 2427 ||| FLEEEEING.
  2428 | D:4      | 2428 ||| FLEEEEING.
  2429 | D:4      | 2429 ||| FLEEEEING.
  2430 | D:4      | 2430 ||| FLEEEEING.
  2431 | D:4      | 2431 ||| FLEEEEING.
  2454 | D:4      | Noticed Edmund
  2464 | D:4      | HP: 10/45 [Edmund/+3 flail of protection (3)]
  2466 | D:4      | HP: 3/45 [adder (3)]
  2467 | D:4      | Succumbed to an adder's poison

Levels and vault maps discovered:
D:1:      minmay_arrival_cross, layout_rooms, dreamdust_ecumenical_altar_grove
D:2:      layout_basic, basic_altar
D:3:      layout_loops_corners, mainiacjoe_overflow_tiny_flanked,
          pf_just_have_faith, gammafunk_ghost_nasty_kobolds, kennysheep_nub
D:4:      nicolae_cairo_tiling_very_big, layout_loops_ring, kennysheep_mini,
          uniq_blork_the_orc, uniq_edmund

Skill      XL: |  1  2  3  4  5 |
---------------+----------------+-----
Ranged Weapons | 3 4 5 6 |  6.0
Fighting       | 2 3 |  3.1
Armour         | 1 |  1.2
Dodging        | |  2.1
Spellcasting   | |  1.0
Hexes          | |  2.0

Action                     |  1- 3 |  4- 6 || total
---------------------------+-------+-------++-------
   Fire: Sling             |    88 |    35 ||   123
         Longbow           |       |    52 ||    52
    Use: Scroll            |     2 |     3 ||     5
         Potion            |       |     2 ||     2
 Armour: Robe              |     1 |       ||     1
         Ring mail         |    26 |    26 ||    52
  Dodge: Dodged            |    41 |    58 ||    99

Table legend:
 A = Non-vault XP
 B = Vault XP
 C = Vault XP percentage of total XP
 D = Non-vault monster count
 E = Vault monster count
 F = Vault count percentage of total count
                 A         B        C        D         E       F
            +---------+---------+-------+---------+---------+-------
      Total |     340 |       0 |   0.0 |      53 |       0 |   0.0
            +---------+---------+-------+---------+---------+-------
        D:1 |      19 |       0 |   0.0 |      10 |       0 |   0.0
        D:2 |      81 |       0 |   0.0 |      19 |       0 |   0.0
        D:3 |      28 |       0 |   0.0 |       9 |       0 |   0.0
        D:4 |     212 |       0 |   0.0 |      15 |       0 |   0.0
            +---------+---------+-------+---------+---------+-------
